cohdb
Replays
Latest Replays
All Replays
Popular Replays
Top Player Replays
Match Explorer
How It Works
Community
CoH3 Stats
Reddit
Sign in to upload your games and track your stats! →
Sign in with Steam
Match 19618933
Unlisted
Match 19618933
Overview
Messages
Build Orders
End
Selects Armored Battlegroup
Selects Assault Engineers
Assault Engineer Squad
Assault Engineer Squad
Assault Engineer Squad
Assault Engineer Squad
Infantry Support Center
Construct Medical Station
Construct Weapon Support Center
Construct Motor Pool
M8 Greyhound Armored Car
Selects Fast Deploy
Assault Engineer Squad
Assault Engineer Squad
M1 Anti-tank Gun Team
Assault Engineer Squad
Assault Engineer Squad
Selects Field Repairs
Assault Engineer Squad
Assault Engineer Squad
Selects War Machine
Assault Engineer Squad
Assault Engineer Squad
Selects Seek and Destroy
AI Takeover
Invincible_Irish
MonoChrome
0
0
Comments
sign in to comment!
No comments posted yet!